 Dungeon Crawl Stone Soup version 0.22.0-25-g7663229ff0 (webtiles) character file.

11819 Gunterle the Basher (level 11, -12/87 HPs)
             Began as a Mummy Fighter on Aug 19, 2018.
             Was an Initiate of Gozag.
             Hit by a poisoned javelin thrown by a minotaur (25 damage)
             ... in a labyrinth on Aug 20, 2018.
             The game lasted 01:05:08 (14568 turns).

Gunterle the Basher (Mummy Fighter)                Turns: 14568, Time: 01:05:08

Health: -12/87     AC: 14    Str: 22    XL:     11   Next: 54%
Magic:  11/11      EV:  5    Int: 11    God:    Gozag
Gold:   602        SH: 12    Dex: 19    Spells: 10/10 levels left

rFire    . . .     SeeInvis .   B - +6 mace "Uriur" {venom, Fragile rElec Int+4 Dex+6}
rCold    . . .     Gourm    .   c - +0 shield
rNeg     + + +     Faith    .   x - +0 plate armour
rPois    ∞         Spirit   .   a - +0 helmet
rElec    +         Reflect  .   N - scarf {repulsion}
rCorr    .         Harm     .   (no gloves)
MR       +....                  (no boots)
Stlth    ..........             (no amulet)
HPRegen  0.24/turn              v - ring of fire
MPRegen  0.12/turn              F - ring of flight

@: repel missiles
A: no food or potions, fire vulnerability, cold resistance 1, negative energy
resistance 3, torment resistance, unbreathing
a: Potion Petition, Call Merchant, Bribe Branch, Renounce Religion, Evoke Flight


You were in a labyrinth.
You worshipped Gozag.
Gozag was pleased with you.
You were not hungry.

You visited 3 branches of the dungeon, and saw 13 of its levels.
You also visited: Labyrinth.

You collected 1804 gold pieces.
You spent 548 gold pieces at shops.
You paid 654 gold pieces to Gozag.

Inventory:

Hand Weapons
 b - a +6 blowgun
 g - a +2 whip of draining
 s - a +0 flail of protection
 A - a +3 hand axe of freezing
 B - the +6 mace "Uriur" (weapon) {venom, Fragile rElec Int+4 Dex+6}
   (You found it on level 6 of the Dungeon)

   It poisons the flesh of those it strikes.
   It affects your intelligence (+4).
   It affects your dexterity (+6).
   It insulates you from electricity.
   It will be destroyed if unequipped.
Missiles
 w - 6 needles of sleeping
 y - 3 javelins (quivered)
 K - 25 poisoned needles
Armour
 a - a +0 helmet (worn)
 c - a +0 shield (worn)
 x - a +0 plate armour (worn)
 C - the +4 skin of Zhor {rC+++}
   (You found it on level 7 of the Dungeon)

   It renders you almost immune to cold.
 N - a scarf of repulsion (worn)
Jewellery
 v - a ring of fire (left hand)
 F - a ring of flight (right hand)
Wands
 q - a wand of digging (9)
 D - a wand of enslavement (8)
Scrolls
 e - a scroll of amnesia
 j - 6 scrolls of remove curse
 l - 4 scrolls of enchant weapon
 m - a scroll of immolation
 o - a scroll of teleportation
 p - a scroll of fog
 E - a scroll of noise
 J - 4 scrolls of identify


   Skills:
 + Level 8.9 Fighting
 * Level 10.0 Maces & Flails
 + Level 7.4 Armour
 + Level 7.4 Shields


You had 10 spell levels left.
You didn't know any spells.
Your spell library contained the following spells:

 Spells                   Type           Power        Failure   Level  Hunger
 Corona                   Hex            #......      100%        1    N/A
 Magic Dart               Conj           #...         100%        1    N/A
 Blink                    Tloc           N/A          100%        2    N/A
 Call Imp                 Summ           #.......     100%        2    N/A
 Ensorcelled Hibernation  Hex/Ice        #.....       100%        2    N/A
 Slow                     Hex            #.......     100%        2    N/A
 Confuse                  Hex            #.......     100%        3    N/A
 Conjure Flame            Conj/Fire      #.......     100%        3    N/A
 Dazzling Spray           Conj/Hex       #.....       100%        3    N/A
 Mephitic Cloud           Conj/Pois/Air  #.......     100%        3    N/A
 Tukima's Dance           Hex            #.......     100%        3    N/A

Dungeon Overview and Level Annotations

Branches:
Dungeon (11/15)            Temple (1/1) D:5            Lair (1/6) D:11
    Orc (0/2) D:11

Altars:
Ashenzari
Cheibriados
Dithmenos
Elyvilon
Fedhas
Gozag
Hepliaklqana
Kikubaaqudgha
Makhleb
Nemelex Xobeh
Okawaru
Qazlal
Ru
Sif Muna
Trog
Uskayaw
Vehumet
Wu Jian
Xom
Yredelemnul
Zin
The Shining One

Shops:
D:8 (   D:11 *


Innate Abilities, Weirdness & Mutations

You do not eat or drink.
Your flesh is vulnerable to fire.
You are immune to poison.
Your flesh is cold resistant. (rC+)
You are immune to negative energy. (rN+++)
You are immune to unholy pain and torment.
You can survive without breathing.


Message History

You hit the minotaur but do no damage.
The minotaur looks as sick as possible!
The minotaur is severely wounded.
You hit the minotaur.
The minotaur looks as sick as possible!
The minotaur is almost dead.
The minotaur hits you! You block the minotaur's attack. The minotaur hits you!
* * * LOW HITPOINT WARNING * * *
The minotaur barely misses you.
You hit the minotaur but do no damage.
The minotaur is almost dead.
You block the minotaur's attack.
The minotaur gores you but does no damage.
You hit the minotaur but do no damage.
The minotaur looks as sick as possible!
The minotaur is almost dead.
You hit the minotaur but do no damage.
The minotaur looks as sick as possible!
The minotaur is almost dead.
The minotaur barely misses you. The minotaur gores you!
* * * LOW HITPOINT WARNING * * *
The minotaur throws a poisoned javelin.
The poisoned javelin hits you!!
You die...
Your body crumbles into a pile of gold.

# # ## . < #
# # #H# # .
.. # . #.###
. # # .H.. #
# # #####.#
..# ..
.#@#.(.#
###.### #.#
.# . # #..
#.H.#...# #
#.#.#######.#
#.## #. .#.#.
. . .. ... .#
. ## ##. #
### ## .# # .
#. . .# ## #
## # #.#. ..
. .


You could see a minotaur.

Vanquished Creatures
  Snorg (D:10)
  2 two-headed ogres
  2 cyclopes
  An ugly thing (D:11)
  A centaur skeleton (D:11)
  A spiny frog (Lair:1)
  2 hornets
  2 hippogriffs
  Sigmund (D:6)
  A spriggan (D:9)
  4 wyverns (D:11)
  Eustachio (D:4)
  4 hungry ghosts
  A steam dragon (D:8)
  Edmund (D:6)
  2 acid dragons (D:11)
  A water moccasin (D:7)
  A soldier ant (D:7)
  3 orc warriors
  Purgy (D:4)
  3 ice beasts
  A black bear (D:11)
  6 phantoms
  A sky beast (D:5)
  2 ogres (D:5)
  3 centaurs
  3 crocodiles (D:11)
  A big kobold (D:8)
  7 bullfrogs
  A wyvern zombie (D:10)
  A water moccasin zombie (D:8)
  2 scorpions
  3 killer bees (D:10)
  10 wights
  5 howler monkeys
  6 crimson imps
  A bullfrog zombie (D:5)
  4 jellies
  4 hounds
  Crazy Yiuf (D:6)
  9 orc priests
  8 orc wizards
  Jessica (D:2)
  3 iguanas
  5 worker ants
  2 killer bee zombies
  3 hound skeletons
  A howler monkey zombie (D:11)
  16 adders
  2 howler monkey skeletons (D:9)
  2 shadow imps
  An ooze (D:5)
  An adder zombie (D:2)
  4 dart slugs
  5 leopard geckos
  42 orcs
  2 ball pythons
  5 bats
  5 bat skeletons (D:2)
  3 giant cockroaches
  3 goblins (D:1)
  4 hobgoblins
  8 jackals
  3 quokkas
  4 frilled lizards
  A jackal zombie (D:5)
  11 kobolds
  A quokka skeleton (D:2)
  3 rats
256 creatures vanquished.

Vanquished Creatures (others)
  An orc (D:4)
1 creature vanquished.

Grand Total: 257 creatures vanquished

Notes
Turn   | Place    | Note
-------+----------+-------------------------------------------
     0 | D:1      | Gunterle the Mummy Fighter began the quest for the Orb.
     0 | D:1      | Reached XP level 1. HP: 18/18 MP: 1/1
   441 | D:1      | Reached XP level 2. HP: 24/24 MP: 2/2
   546 | D:1      | Reached skill level 2 in Maces & Flails
  1164 | D:2      | Reached XP level 3. HP: 29/29 MP: 3/3
  1247 | D:2      | Noticed Jessica
  1256 | D:2      | Killed Jessica
  1280 | D:2      | Reached XP level 4. HP: 35/35 MP: 4/4
  2003 | D:3      | Found a shimmering altar of Xom.
  2060 | D:3      | Reached skill level 3 in Maces & Flails
  2060 | D:3      | Reached XP level 5. HP: 25/42 MP: 5/5
  2230 | D:3      | Found a shadowy altar of Dithmenos.
  2816 | D:4      | Reached XP level 6. HP: 48/48 MP: 6/6
  2963 | D:4      | Noticed Eustachio
  3011 | D:4      | Killed Eustachio
  3143 | D:4      | Reached skill level 4 in Maces & Flails
  3202 | D:4      | Noticed Purgy
  3499 | D:4      | Found a bloodstained altar of Trog.
  3768 | D:4      | Reached XP level 7. HP: 47/55 MP: 7/7
  3923 | D:4      | Found a snail-covered altar of Cheibriados.
  4154 | D:4      | Killed Purgy
  4300 | D:4      | Found a stormy altar of Qazlal.
  4472 | D:5      | Entered Level 5 of the Dungeon
  4472 | D:5      | Found a staircase to the Ecumenical Temple.
  4481 | Temple   | Entered the Ecumenical Temple
  4960 | D:5      | Found a radiant altar of Vehumet.
  5160 | D:5      | Found a shattered altar of Ashenzari.
  5170 | D:5      | Reached skill level 5 in Fighting
  5170 | D:5      | Reached skill level 5 in Maces & Flails
  5170 | D:5      | Reached XP level 8. HP: 55/62 MP: 8/8
  5375 | D:5      | Found an opulent altar of Gozag.
  5383 | D:5      | Became a worshipper of Gozag Ym Sagoz the Greedy
  6066 | D:6      | Noticed Sigmund
  6070 | D:6      | Noticed Edmund
  6073 | D:6      | Killed Sigmund
  6073 | D:6      | Reached skill level 6 in Maces & Flails
  6361 | D:6      | Reached skill level 5 in Armour
  6375 | D:6      | Reached skill level 5 in Shields
  6409 | D:6      | Killed Edmund
  6409 | D:6      | Reached XP level 9. HP: 56/69 MP: 9/9
  6624 | D:6      | Found a white marble altar of Elyvilon.
  6652 | D:6      | Found a runed door.
  6728 | D:6      | Noticed Crazy Yiuf
  6738 | D:6      | Killed Crazy Yiuf
  6744 | D:6      | Got a slimy mace
  6745 | D:6      | Identified the +6 mace "Uriur" {venom, Fragile rElec Int+4 Dex+6} (You found it on level 6 of the Dungeon)
  6915 | D:7      | Found the +4 skin of Zhor {rC+++}
  7015 | D:7      | Noticed a hand axe
  7015 | D:7      | Noticed a hand axe
  7016 | D:7      | Found a hide-covered altar of Uskayaw.
  7171 | D:7      | Reached skill level 7 in Maces & Flails
  8117 | D:8      | Found Hawaq's Antique Weapon Shop.
  8133 | D:8      | Bought a blowgun for 65 gold pieces
  8513 | D:8      | Found a hazy altar of Hepliaklqana.
  8544 | D:8      | Reached XP level 10. HP: 70/79 MP: 10/10
  8859 | D:9      | Reached skill level 8 in Maces & Flails
  9076 | D:9      | Noticed a cyclops
  9142 | D:8      | Killed a cyclops
  9659 | D:9      | Found an ornate altar of the Wu Jian Council.
  9738 | D:10     | Entered Level 10 of the Dungeon
  9905 | D:10     | Noticed a two-headed ogre
  9911 | D:10     | Killed a two-headed ogre
  9954 | D:10     | Noticed Snorg
  9971 | D:10     | Killed Snorg
  9971 | D:10     | Reached skill level 9 in Maces & Flails
 10947 | D:11     | Noticed a cyclops
 11228 | D:11     | Reached XP level 11. HP: 65/86 MP: 11/11
 11460 | D:11     | Found a staircase to the Orcish Mines.
 11465 | D:11     | Upgraded the game from 0.22.0-21-g8bd1b0a76a to 0.22.0-25-g7663229ff0
 13048 | D:11     | Noticed a brown ugly thing
 13087 | D:11     | Killed a brown ugly thing
 13263 | D:11     | Noticed a two-headed ogre
 13293 | D:11     | Killed a two-headed ogre
 13660 | D:11     | Reached skill level 10 in Maces & Flails
 13760 | D:11     | Found a staircase to the Lair.
 13843 | D:11     | Bought a +6 blowgun for 483 gold pieces
 13853 | Lair:1   | Entered Level 1 of the Lair of Beasts
 13901 | Lair:1   | Found a labyrinth entrance.
 13911 | Lab      | Entered a labyrinth
 14546 | Lab      | Noticed a minotaur
 14568 | Lab      | Hit by a poisoned javelin thrown by a minotaur

Skill      XL: |  1  2  3  4  5  6  7  8  9 10 11 |
---------------+----------------------------------+-----
Maces & Flails | 2 3 4 5 6 7 9 10 | 10.0
Shields        | 3 4 5 6 7 |  7.4
Armour         | 3 4 5 6 7 |  7.4
Fighting       | 4 5 6 7 8 |  8.9

Action                   |  1- 3 |  4- 6 |  7- 9 | 10-12 || total
-------------------------+-------+-------+-------+-------++-------
Melee: Flail             |    20 |       |       |       ||    20
       Whip              |    68 |   217 |   266 |       ||   551
       Mace              |       |       |   167 |   402 ||   569
 Fire: Hunting sling     |       |       |     4 |       ||     4
Throw: Javelin           |       |     6 |     5 |     5 ||    16
       Stone             |       |     1 |     2 |     1 ||     4
Invok: Call Merchant     |       |       |       |     1 ||     1
Evoke: Wand              |       |     2 |     9 |     6 ||    17
  Use: Scroll            |     4 |     8 |     2 |     6 ||    20
 Stab: Distracted        |       |       |     1 |     1 ||     2
Armor: Scale mail        |    38 |    22 |       |       ||    60
       Chain mail        |       |    73 |    55 |       ||   128
       Plate armour      |       |       |   138 |   168 ||   306
Dodge: Dodged            |    16 |    62 |    51 |    71 ||   200
Block: Shield            |    37 |   121 |   179 |   217 ||   554
